General information
- name: BNet
- type: Ladder team game (AT/RT)
- host: Battle.net
- saver: DudeLove
map: Deadlock
- players: 8
- length: 70:04
- speed: Fast
- version: 1.26 W3XP
- replay type: Public
» download(293 KB)
Players
team 1 (winner)

»
kunmihs (
yellow | 27 APM | 513 actions | 19:00)
1 Archmage
1 Summon Water Elemental
» actions
| Assign group hotkey | 23 | |
| Build / train | 42 | |
| ESC pressed | 1 | |
| Enter build submenu | 19 | |
| Enter hero's abilities submenu | 1 | |
| Remove unit from queue | 1 | |
| Right click | 189 | |
| Select / deselect | 148 | |
| Select group hotkey | 65 | |
| Use ability | 24 | |
513 total
» units
| Peasant | 11 | |
| Rifleman | 8 | |
| Knight | 10 | |
| Crypt Fiend | 2 | |
31 total
» upgrades
| Gunpowder | 3 | |
| Long Rifles | 1 | |
| Animal War Training | 1 | |
| Plating | 2 | |
7 total
» buildings
| Altar of Kings | 1 | |
| Farm | 12 | |
| Lumber Mill | 1 | |
| Barracks | 2 | |
| Blacksmith | 1 | |
| Arcane Vault | 1 | |
| Keep | 1 | |
| Castle | 1 | |
| Town Hall | 1 | |
21 total
» build order
00:31 Altar of Kings
00:43 Farm
00:58 Lumber Mill
01:17 Farm
01:42 Barracks
02:05 Blacksmith
02:17 Farm
02:49 Barracks
03:01 Farm
03:44 Arcane Vault
04:42 Keep
04:57 Farm
06:24 Farm
07:06 Castle
07:11 Farm
08:02 Farm
08:52 Farm
09:34 Farm
10:23 Farm
10:42 Town Hall
11:10 Farm
I)EMON_KING (
red | 31 APM | 475 actions | 15:05)
2 Dreadlord
1 Vampiric Aura
1 Sleep
2 Death Knight
1 Death Coil
1 Unholy Aura
» actions
| Basic commands | 10 | |
| Build / train | 40 | |
| Enter build submenu | 14 | |
| Enter hero's abilities submenu | 4 | |
| Remove unit from queue | 1 | |
| Right click | 230 | |
| Select / deselect | 151 | |
| Use ability | 25 | |
475 total
» units
| Acolyte | 6 | |
| Ghoul | 5 | |
| Crypt Fiend | 7 | |
| Obsidian Statue | 1 | |
| Meatwagon | 2 | |
21 total
» upgrades
| Creature Attack | 2 | |
| Web | 1 | |
| Creature Carapace | 2 | |
5 total
» buildings
| Altar of Darkness | 1 | |
| Ziggurat | 7 | |
| Crypt | 2 | |
| Graveyard | 1 | |
| Halls of the Dead | 1 | |
| Nerubian Tower | 2 | |
| Spirit Tower | 3 | |
| Black Citadel | 1 | |
| Slaughterhouse | 1 | |
| Tomb of Relics | 1 | |
20 total
» build order
00:20 Altar of Darkness
00:22 Ziggurat
00:50 Crypt
01:05 Crypt
02:06 Ziggurat
02:56 Graveyard
03:05 Ziggurat
03:09 Ziggurat
04:12 Halls of the Dead
06:42 Nerubian Tower
08:33 Spirit Tower
09:27 Black Citadel
10:56 Slaughterhouse
11:04 Ziggurat
12:14 Nerubian Tower
12:41 Tomb of Relics
13:11 Ziggurat
13:45 Ziggurat
14:38 Spirit Tower
14:40 Spirit Tower
RatZDeezer (
green | 68 APM | 4786 actions | 70:04)
9 Blademaster
3 Wind Walk
2 Critical Strike
1 Bladestorm
3 Mirror Image
1 Dreadlord
1 Vampiric Aura
» actions
| Assign group hotkey | 37 | |
| Basic commands | 206 | |
| Build / train | 174 | |
| ESC pressed | 11 | |
| Enter build submenu | 104 | |
| Enter hero's abilities submenu | 10 | |
| Give item / drop item | 25 | |
| Right click | 1942 | |
| Select / deselect | 749 | |
| Select group hotkey | 1153 | |
| Use ability | 375 | |
4786 total
» units
| Peon | 44 | |
| Grunt | 9 | |
| Troll Batrider | 12 | |
| Wind Rider | 7 | |
72 total
» upgrades
| Pillage | 1 | |
| Armor | 3 | |
| Ranged Weapons | 3 | |
| Berserker Strength | 1 | |
| Troll Regeneration | 1 | |
| Reinforced Defenses | 1 | |
| Envenomed Spears | 1 | |
| Creature Attack | 1 | |
| Liquid Fire | 1 | |
| Masonry | 2 | |
| Spiked Barricades | 3 | |
| Melee Weapons | 3 | |
| Burning Oil | 1 | |
| Berserker Upgrade | 1 | |
| War Drums Damage Increase | 1 | |
| Witch Doctor Training | 2 | |
| Spirit Walker Training | 2 | |
| Ensnare | 1 | |
| Backpack | 1 | |
| Shaman Training | 2 | |
| Pulverize | 1 | |
33 total
» buildings
| Altar of Storms | 1 | |
| Orc Burrow | 10 | |
| Barracks | 1 | |
| Voodoo Lounge | 1 | |
| War Mill | 1 | |
| Great Hall | 25 | |
| Watch Tower | 42 | |
| Stronghold | 4 | |
| Beastiary | 4 | |
| Fortress | 2 | |
| Scout Tower | 5 | |
| Guard Tower | 2 | |
| Spirit Lodge | 3 | |
| Tauren Totem | 1 | |
102 total
» build order
00:08 Altar of Storms
00:11 Orc Burrow
00:13 Orc Burrow
00:31 Barracks
01:31 Orc Burrow
02:01 Voodoo Lounge
02:41 Orc Burrow
04:27 War Mill
04:56 Great Hall
05:28 Orc Burrow
05:46 Watch Tower
06:09 Stronghold
06:09 Stronghold
06:09 Stronghold
06:25 Watch Tower
06:50 Watch Tower
07:14 Watch Tower
07:57 Watch Tower
07:58 Watch Tower
08:31 Beastiary
08:33 Beastiary
09:18 Watch Tower
10:07 Beastiary
10:41 Fortress
10:41 Fortress
11:47 Beastiary
12:36 Watch Tower
12:41 Watch Tower
12:49 Watch Tower
14:08 Great Hall
14:10 Watch Tower
14:14 Great Hall
14:16 Great Hall
15:30 Watch Tower
15:45 Watch Tower
15:55 Watch Tower
16:32 Watch Tower
16:37 Watch Tower
17:30 Watch Tower
17:31 Watch Tower
17:47 Watch Tower
18:29 Watch Tower
18:30 Watch Tower
19:20 Watch Tower
19:20 Watch Tower
19:21 Watch Tower
20:04 Watch Tower
20:09 Watch Tower
22:14 Scout Tower
22:15 Scout Tower
22:15 Scout Tower
22:16 Scout Tower
22:17 Scout Tower
22:24 Watch Tower
22:25 Watch Tower
23:17 Guard Tower
23:17 Guard Tower
23:38 Orc Burrow
23:41 Orc Burrow
23:42 Orc Burrow
23:46 Orc Burrow
25:56 Great Hall
26:23 Watch Tower
26:26 Watch Tower
26:28 Watch Tower
26:37 Watch Tower
27:18 Watch Tower
27:22 Watch Tower
27:28 Watch Tower
27:54 Watch Tower
29:11 Orc Burrow
31:46 Great Hall
32:23 Watch Tower
32:24 Watch Tower
32:26 Watch Tower
33:27 Watch Tower
33:29 Watch Tower
33:32 Watch Tower
35:26 Spirit Lodge
35:28 Spirit Lodge
35:30 Spirit Lodge
53:15 Tauren Totem
55:12 Great Hall
55:18 Great Hall
55:21 Great Hall
55:22 Great Hall
55:24 Great Hall
55:27 Great Hall
57:18 Great Hall
57:21 Great Hall
57:23 Great Hall
57:37 Great Hall
57:41 Great Hall
57:46 Great Hall
57:50 Great Hall
58:57 Great Hall
59:01 Great Hall
59:05 Great Hall
59:09 Great Hall
65:05 Great Hall
69:15 Great Hall
» items
| Boots of Speed | 3 | |
| Healing Salve | 6 | |
| Lesser Clarity Potion | 13 | |
| Scroll of Speed | 1 | |
| Orb of Lightning | 3 | |
| Staff of Teleportation | 1 | |
| Potion of Healing | 1 | |
| Scroll of Town Portal | 3 | |
| Potion of Mana | 3 | |
34 total
bhudasak (
purple | 37 APM | 764 actions | 20:46)
3 Death Knight
2 Death Coil
1 Unholy Aura
3 Crypt Lord
2 Impale
1 Spiked Carapace
» actions
| Assign group hotkey | 12 | |
| Basic commands | 41 | |
| Build / train | 52 | |
| Enter build submenu | 13 | |
| Enter hero's abilities submenu | 6 | |
| Remove unit from queue | 2 | |
| Right click | 321 | |
| Select / deselect | 240 | |
| Select group hotkey | 26 | |
| Use ability | 51 | |
764 total
» units
| Acolyte | 2 | |
| Ghoul | 3 | |
| Crypt Fiend | 5 | |
| Abomination | 6 | |
16 total
» upgrades
| Unholy Strength | 2 | |
| Burrow | 1 | |
| Web | 1 | |
| Disease Cloud | 1 | |
| Unholy Armor | 1 | |
6 total
» buildings
| Crypt | 1 | |
| Altar of Darkness | 2 | |
| Ziggurat | 5 | |
| Nerubian Tower | 1 | |
| Graveyard | 1 | |
| Tomb of Relics | 1 | |
| Halls of the Dead | 3 | |
| Spirit Tower | 2 | |
| Slaughterhouse | 2 | |
| Black Citadel | 2 | |
20 total
» build order
00:11 Crypt
00:15 Altar of Darkness
00:28 Ziggurat
01:37 Ziggurat
01:49 Nerubian Tower
02:16 Graveyard
02:30 Tomb of Relics
03:44 Ziggurat
04:38 Halls of the Dead
04:38 Halls of the Dead
04:39 Halls of the Dead
06:58 Spirit Tower
07:02 Ziggurat
07:18 Slaughterhouse
07:23 Slaughterhouse
07:48 Black Citadel
07:49 Black Citadel
08:34 Spirit Tower
13:57 Ziggurat
20:34 Altar of Darkness
» items
| Rod of Necromancy | 1 | |
| Potion of Mana | 3 | |
| Orb of Corruption | 1 | |
| Scroll of Town Portal | 2 | |
| Potion of Healing | 3 | |
| Dust of Appearance | 2 | |
12 total
team 2 (loser)
CaynJ (
teal | 29 APM | 2013 actions | 70:04)
5 Demon Hunter
3 Evasion
2 Mana Burn
» actions
| Assign group hotkey | 47 | |
| Basic commands | 9 | |
| Build / train | 106 | |
| Enter build submenu | 35 | |
| Enter hero's abilities submenu | 5 | |
| Remove unit from queue | 5 | |
| Right click | 718 | |
| Select / deselect | 733 | |
| Select group hotkey | 290 | |
| Use ability | 65 | |
2013 total
» units
| Wisp | 37 | |
| Archer | 12 | |
| Hippogryph | 13 | |
| Chimaera | 11 | |
73 total
» upgrades
| Strength of the Moon | 3 | |
| Improved Bows | 1 | |
| Hippogryph Taming | 1 | |
| Marksmanship | 1 | |
| Moon Armor | 1 | |
| Corrosive Breath | 1 | |
| Strength of the Wild | 3 | |
| Reinforced Hides | 1 | |
| Ultravision | 0 | |
12 total
» buildings
| Moon Well | 7 | |
| Altar of Elders | 1 | |
| Ancient of War | 2 | |
| Tree of Ages | 4 | |
| Hunter's Hall | 1 | |
| Tree of Eternity | 1 | |
| Ancient of Wind | 2 | |
| Tree of Life | 11 | |
| Ancient Protector | 3 | |
| Chimaera Roost | 2 | |
| Ancient of Wonders | 1 | |
35 total
» build order
00:17 Moon Well
00:40 Altar of Elders
01:06 Ancient of War
01:19 Moon Well
01:55 Ancient of War
02:25 Moon Well
04:07 Tree of Ages
04:07 Tree of Ages
04:07 Tree of Ages
04:07 Tree of Ages
04:54 Hunter's Hall
05:09 Moon Well
05:46 Moon Well
07:02 Tree of Eternity
07:12 Ancient of Wind
08:40 Moon Well
08:43 Tree of Eternity
10:13 Tree of Life
12:17 Ancient Protector
12:19 Ancient Protector
12:22 Ancient Protector
13:23 Ancient of Wind
13:49 Tree of Life
14:55 Chimaera Roost
16:59 Moon Well
19:00 Chimaera Roost
22:07 Tree of Life
27:12 Ancient of Wonders
28:11 Tree of Life
35:41 Tree of Life
47:30 Tree of Life
47:52 Tree of Life
48:10 Tree of Life
48:48 Tree of Life
52:12 Tree of Life
52:21 Tree of Life
» items
| Scroll of Healing | 2 | |
| Dust of Appearance | 1 | |
3 total

»
massitems (
pink | 50 APM | 1874 actions | 37:32)
5 Blademaster
2 Mirror Image
3 Critical Strike
4 Shadow Hunter
2 Healing Wave
2 Hex
3 Tauren Chieftain
2 War Stomp
1 Endurance Aura
» actions
| Assign group hotkey | 58 | |
| Basic commands | 159 | |
| Build / train | 129 | |
| ESC pressed | 29 | |
| Enter build submenu | 51 | |
| Enter hero's abilities submenu | 12 | |
| Give item / drop item | 1 | |
| Right click | 428 | |
| Select / deselect | 501 | |
| Select group hotkey | 375 | |
| Use ability | 131 | |
1874 total
» units
| Peon | 44 | |
| Grunt | 1 | |
| Troll Headhunter/Berserker | 17 | |
| Shaman | 10 | |
| Wind Rider | 10 | |
| Troll Witch Doctor | 1 | |
83 total
» upgrades
| Armor | 3 | |
| Ranged Weapons | 3 | |
| Troll Regeneration | 1 | |
| Shaman Training | 2 | |
| Berserker Upgrade | 1 | |
| Reinforced Defenses | 1 | |
| Envenomed Spears | 1 | |
| Melee Weapons | 1 | |
| Spiked Barricades | 1 | |
14 total
» buildings
| Altar of Storms | 1 | |
| Orc Burrow | 14 | |
| Barracks | 1 | |
| War Mill | 2 | |
| Voodoo Lounge | 2 | |
| Stronghold | 1 | |
| Great Hall | 2 | |
| Spirit Lodge | 1 | |
| Fortress | 1 | |
| Beastiary | 2 | |
| Watch Tower | 19 | |
46 total
» build order
00:29 Altar of Storms
00:42 Orc Burrow
01:17 Barracks
01:46 Orc Burrow
01:53 War Mill
02:18 Voodoo Lounge
03:06 Orc Burrow
03:48 Stronghold
05:04 Great Hall
06:55 Spirit Lodge
07:28 Fortress
09:02 Beastiary
10:04 Watch Tower
10:38 Watch Tower
11:00 Voodoo Lounge
11:41 Watch Tower
11:43 Watch Tower
12:28 War Mill
12:41 Watch Tower
13:31 Orc Burrow
13:33 Watch Tower
14:47 Beastiary
14:59 Orc Burrow
15:15 Watch Tower
15:22 Watch Tower
15:53 Orc Burrow
16:36 Orc Burrow
21:28 Orc Burrow
23:41 Orc Burrow
26:09 Great Hall
30:54 Watch Tower
33:01 Watch Tower
33:03 Watch Tower
33:27 Watch Tower
33:30 Watch Tower
34:03 Watch Tower
34:05 Watch Tower
34:17 Orc Burrow
34:19 Orc Burrow
36:27 Watch Tower
36:29 Watch Tower
36:32 Watch Tower
36:35 Watch Tower
36:41 Orc Burrow
36:45 Orc Burrow
36:47 Orc Burrow
» items
| Healing Salve | 1 | |
| Potion of Lesser Invulnerability | 1 | |
| Boots of Speed | 1 | |
| Scroll of Protection | 1 | |
| Scroll of Healing | 1 | |
| Orb of Lightning | 2 | |
| Potion of Healing | 5 | |
| Potion of Mana | 1 | |
| Scroll of Town Portal | 2 | |
15 total
DudeLove (
blue | 39 APM | 2715 actions | 70:04)
6 Blademaster
3 Wind Walk
2 Critical Strike
1 Bladestorm
» actions
| Assign group hotkey | 223 | |
| Basic commands | 394 | |
| Build / train | 79 | |
| Enter build submenu | 69 | |
| Enter hero's abilities submenu | 6 | |
| Give item / drop item | 11 | |
| Remove unit from queue | 5 | |
| Right click | 1094 | |
| Select / deselect | 408 | |
| Select group hotkey | 275 | |
| Use ability | 151 | |
2715 total
» units
| Peon | 22 | |
| Grunt | 4 | |
| Wind Rider | 4 | |
| Demolisher | 3 | |
33 total
» upgrades
| Ranged Weapons | 3 | |
| Armor | 3 | |
| Reinforced Defenses | 1 | |
| Spiked Barricades | 1 | |
| Envenomed Spears | 1 | |
| Ensnare | 1 | |
| Berserker Strength | 0 | |
| Burning Oil | 1 | |
11 total
» buildings
| Orc Burrow | 7 | |
| Altar of Storms | 1 | |
| Barracks | 4 | |
| Voodoo Lounge | 1 | |
| Stronghold | 3 | |
| War Mill | 4 | |
| Great Hall | 5 | |
| Watch Tower | 40 | |
| Beastiary | 6 | |
| Fortress | 1 | |
72 total
» build order
00:12 Orc Burrow
00:56 Altar of Storms
00:57 Barracks
01:11 Orc Burrow
01:47 Voodoo Lounge
02:50 Stronghold
02:50 Stronghold
04:28 War Mill
05:13 Great Hall
05:41 Watch Tower
05:41 Watch Tower
05:41 Watch Tower
05:46 Orc Burrow
05:47 Beastiary
07:01 Beastiary
07:04 Orc Burrow
07:52 Watch Tower
07:52 Watch Tower
08:12 Watch Tower
09:18 Fortress
09:21 Watch Tower
10:40 Watch Tower
10:44 Watch Tower
10:48 Watch Tower
11:11 War Mill
14:55 Great Hall
14:58 Watch Tower
14:59 Watch Tower
14:59 Watch Tower
14:59 Watch Tower
15:00 Watch Tower
15:01 Watch Tower
15:01 Watch Tower
15:01 Watch Tower
15:21 Watch Tower
15:21 Watch Tower
15:22 Watch Tower
15:22 Watch Tower
15:26 Watch Tower
15:29 Watch Tower
15:33 Watch Tower
15:36 Watch Tower
15:44 War Mill
18:56 Great Hall
19:47 Watch Tower
19:47 Watch Tower
19:47 Watch Tower
19:49 Watch Tower
19:50 Watch Tower
19:50 Watch Tower
19:56 Watch Tower
19:57 Watch Tower
19:57 Watch Tower
19:58 Watch Tower
20:07 War Mill
22:02 Beastiary
22:03 Beastiary
22:07 Beastiary
22:07 Beastiary
23:28 Orc Burrow
23:32 Orc Burrow
23:33 Orc Burrow
25:52 Great Hall
25:54 Watch Tower
25:55 Watch Tower
25:55 Watch Tower
25:56 Watch Tower
31:45 Barracks
31:46 Barracks
31:47 Barracks
36:01 Great Hall
» items
| Boots of Speed | 1 | |
| Healing Salve | 5 | |
| Lesser Clarity Potion | 1 | |
| Potion of Mana | 2 | |
| Staff of Teleportation | 2 | |
| Periapt of Vitality | 2 | |
| Circlet of Nobility | 1 | |
| Orb of Lightning | 2 | |
| Scroll of Town Portal | 2 | |
| Tiny Great Hall | 1 | |
19 total

»
NaminAssNigs (
orange | 47 APM | 1235 actions | 26:12)
5 Blood Mage
3 Flame Strike
2 Siphon Mana
» actions
| Assign group hotkey | 16 | |
| Basic commands | 13 | |
| Build / train | 63 | |
| Enter build submenu | 25 | |
| Enter hero's abilities submenu | 5 | |
| Remove unit from queue | 1 | |
| Right click | 531 | |
| Select / deselect | 150 | |
| Select group hotkey | 367 | |
| Use ability | 64 | |
1235 total
» units
| Peasant | 9 | |
| Gryphon Rider | 12 | |
| Dragonhawk Rider | 10 | |
31 total
» upgrades
| Lumber Harvesting | 2 | |
| Storm Hammers | 1 | |
| Armor | 1 | |
| Swords | 1 | |
| Animal War Training | 1 | |
| Sorceress Training | 1 | |
| Cloud | 1 | |
8 total
» buildings
| Farm | 14 | |
| Lumber Mill | 3 | |
| Keep | 1 | |
| Scout Tower | 6 | |
| Altar of Kings | 1 | |
| Blacksmith | 1 | |
| Guard Tower | 3 | |
| Castle | 1 | |
| Arcane Vault | 1 | |
| Gryphon Aviary | 3 | |
| Barracks | 1 | |
| Arcane Sanctum | 1 | |
| Arcane Tower | 2 | |
38 total
» build order
00:07 Farm
00:12 Farm
01:29 Lumber Mill
02:00 Keep
02:17 Scout Tower
02:19 Scout Tower
02:25 Altar of Kings
02:29 Blacksmith
03:23 Guard Tower
03:29 Farm
04:27 Farm
04:54 Castle
05:04 Arcane Vault
05:53 Gryphon Aviary
05:54 Gryphon Aviary
05:57 Gryphon Aviary
06:23 Farm
06:24 Farm
06:25 Farm
07:29 Barracks
07:41 Lumber Mill
07:49 Lumber Mill
09:31 Farm
09:32 Farm
09:51 Scout Tower
09:53 Scout Tower
09:54 Scout Tower
09:59 Scout Tower
10:41 Arcane Sanctum
10:43 Arcane Tower
10:46 Guard Tower
10:50 Arcane Tower
12:02 Guard Tower
17:33 Farm
17:33 Farm
17:34 Farm
17:34 Farm
17:35 Farm
» items
| Lesser Clarity Potion | 2 | |
| Periapt of Vitality | 1 | |
| Boots of Speed | 1 | |
| Scroll of Regeneration | 1 | |
| Scroll of Town Portal | 1 | |
| Potion of Lesser Invulnerability | 1 | |
| Scroll of Healing | 1 | |
| Circlet of Nobility | 1 | |
| Scroll of Protection | 1 | |
10 total
Chat log
(00:06 / All) DudeLove: IS DEEZER SON
(00:11 / Allies) CaynJ: mass rush
(00:20 / All) RatZDeezer: IS DEEZER SON
(00:22 / Allies) DudeLove: Georges "No Rush" St. Pierre
(00:23 / All) RatZDeezer: YOU HAVE REALLY BIG NOSE
(00:28 / All) RatZDeezer: HOW MAD YOU ARE BRO
(00:35 / All) NaminAssNigs: MAD...
(00:37 / All) RatZDeezer: I PUNCHING THE WALL BANG!
(00:45 / All) RatZDeezer: CUZ YOUR CHEESE IS STRONGER SON
(00:47 / All) NaminAssNigs: BLOB BLOB
(01:30 / Allies) CaynJ: archer dott chim
(01:36 / All) DudeLove: I have threesome every 2 week
(01:37 / Allies) NaminAssNigs: what should i go
(01:43 / All) DudeLove: am hustler son
(01:50 / All) RatZDeezer: SO MUCH MUSCLE SON
(01:54 / All) RatZDeezer: PEOPLE ASKING OUT ALL THE TIME
(01:56 / All) NaminAssNigs: REGGIE
(02:09 / All) NaminAssNigs: SO MUCH BULLSHIT SON
(02:12 / All) NaminAssNigs: U COULD SHOVEL IT
(02:29 / All) DudeLove: 8 males in this game, what a saugage fest
(02:29 / All) RatZDeezer: DO I HAVE A JOB OR EDUCATION? OF COURSE NO SON
(02:36 / All) DudeLove: I'll never find love at this rate, not on warcraft
(02:55 / All) NaminAssNigs: WOOD ME PLZ
(02:58 / All) CaynJ: i had surgery to get a vagina
(03:05 / All) NaminAssNigs: MM
(03:07 / All) NaminAssNigs: IMPRESSIVE
(03:11 / All) CaynJ: if ur down
(03:27 / All) DudeLove: hey I just met you this is crazy can I have some lumber maytbe
(03:43 / All) NaminAssNigs: someone said that in earlier game
(03:46 / All) NaminAssNigs: i had tonight
(03:51 / All) RatZDeezer: weird
(03:56 / All) DudeLove: were you on different name
(04:01 / All) NaminAssNigs: yea
(04:08 / All) DudeLove: wasn't me
(04:13 / All) NaminAssNigs: lol
(05:14 / Allies) NaminAssNigs: lumber plz 100
(05:26 / Allies) NaminAssNigs: ty
(05:46 / Allies) massitems: did someone say rush?
(05:49 / Allies) CaynJ: yes
(05:50 / Allies) NaminAssNigs: lol
(05:51 / Allies) CaynJ: ?
(05:55 / Allies) CaynJ: now>
(06:05 / Allies) NaminAssNigs: tghat would be bad idea
(06:09 / Allies) NaminAssNigs: im almost at castle ffs
(06:14 / Allies) CaynJ: k
(06:44 / All) CaynJ: fight pussy
(06:53 / All) CaynJ: ugh
(07:06 / All) NaminAssNigs: ruhhh
(07:09 / Allies) DudeLove: lumber please bros
(07:11 / All) NaminAssNigs: the rick rawse grunt
(08:06 / Allies) DudeLove: LUMBER FOR DEFENSES
(08:13 / Allies) NaminAssNigs: gotnone
(09:00 / Allies) CaynJ: lets hit purp
(09:42 / Allies) NaminAssNigs: omw
(10:58 / Allies) NaminAssNigs: goldplz
(11:01 / Allies) NaminAssNigs: brothers
(11:31 / All) NaminAssNigs: cancel red u foolish slave
(11:46 / All) NaminAssNigs: reggie bush
(11:48 / All) NaminAssNigs: ill call u
(12:27 / Allies) CaynJ: come
(12:30 / Allies) NaminAssNigs: wtf is pink doing
(12:30 / Allies) CaynJ: come
(12:43 / Allies) NaminAssNigs: 1 sec
(12:55 / Allies) DudeLove: dk
(13:17 / Allies) CaynJ: we need to fuckin hit
(13:33 / Allies) NaminAssNigs: im gettin a tp
(14:43 / Allies) NaminAssNigs: goldplz
(14:44 / Allies) NaminAssNigs: ill wood
(15:05 / All) NaminAssNigs: a lagger
(15:16 / Allies) NaminAssNigs: dhakws
(15:16 / Allies) CaynJ: we need seige fast
(15:17 / Allies) NaminAssNigs: with cloud
(15:19 / Allies) NaminAssNigs: are here
(15:26 / Allies) CaynJ: pink what are you doing?
(15:30 / Allies) NaminAssNigs: nothing
(15:32 / Allies) NaminAssNigs: hes horrible
(15:35 / Allies) NaminAssNigs: i think hes ;ole 11
(15:36 / Allies) NaminAssNigs: like
(15:39 / Allies) NaminAssNigs: 11 years old
(15:43 / Allies) CaynJ: blue get lumber dawg
(15:50 / Allies) CaynJ: give gold blue
(16:24 / All) DudeLove: That beetle wasn't meant for this world
(16:37 / All) NaminAssNigs: lmao
(17:09 / Allies) NaminAssNigs: b
(17:10 / Allies) NaminAssNigs: b
(17:17 / All) DudeLove: too slow
(17:41 / Allies) NaminAssNigs: gogogo
(17:46 / Allies) CaynJ: wtf pink
(18:29 / All) NaminAssNigs: gg
(19:20 / Allies) CaynJ: i need to heal
(19:29 / Allies) DudeLove: charge the fuck in therep ink
(19:52 / Allies) CaynJ: gold plz blue
(20:00 / Allies) CaynJ: get units blue
(20:13 / Allies) DudeLove: lumber me then
(20:23 / Allies) NaminAssNigs: gold me
(20:24 / Allies) NaminAssNigs: plz
(20:26 / Allies) NaminAssNigs: blu
(20:29 / Allies) NaminAssNigs: im beggin ya!
(20:32 / All) massitems: oops
(20:44 / All) bhudasak: gg
(20:50 / All) CaynJ: thnx
(21:19 / Allies) CaynJ: gold plz blue u wont spend it all
(21:23 / All) RatZDeezer: faggot could have given me wood before he left
(21:30 / All) CaynJ: u suck
(21:36 / All) RatZDeezer: I'll 1v4 all of you
(21:41 / All) RatZDeezer: You'll know it when it happenws
(21:42 / All) massitems: green what units did you make?
(21:44 / All) CaynJ: i know u will
(21:44 / All) RatZDeezer: I'm Deezer son
(21:54 / All) CaynJ: but u will not kill 1 unit
(22:02 / All) RatZDeezer: I will kill every unit and hall
(22:29 / Allies) DudeLove: uhm
(22:30 / Allies) DudeLove: orange
(22:32 / Allies) NaminAssNigs: teal
(22:33 / Allies) DudeLove: did you kill all of my towers
(22:34 / Allies) NaminAssNigs: gold for expo
(22:39 / Allies) NaminAssNigs: ?
(22:40 / Allies) DudeLove: making me waste like 1k lumber
(22:47 / Allies) NaminAssNigs: i gave u 800
(22:49 / Allies) NaminAssNigs: u fucking homo
(23:03 / Allies) DudeLove: well you cost me like fucking 1500
(23:07 / Allies) NaminAssNigs: good
(23:09 / Allies) NaminAssNigs: fuck u
(23:12 / Allies) NaminAssNigs: look at ur gold
(23:19 / Allies) DudeLove: yeah look at my lumber
(23:20 / All) NaminAssNigs: noob gfreen
(23:21 / Allies) CaynJ: BLUE YOU HOARDED ALL THE MINES, WE CANT GET ANY
(23:21 / All) NaminAssNigs: u suck cock
(23:34 / All) RatZDeezer: then how am I winning?
(23:43 / All) NaminAssNigs: i dunno
(23:46 / All) CaynJ: lol
(23:51 / All) NaminAssNigs: good question
(24:41 / Allies) CaynJ: oj i give u 500 and u dont make a mine?
(24:49 / Allies) NaminAssNigs: blue killed it
(24:53 / Allies) DudeLove: but he kills mine and my 10+ towers
(24:58 / Allies) DudeLove: Uhm no I didn't
(25:01 / Allies) DudeLove: But I am about to rape your ass
(25:05 / Allies) NaminAssNigs: we lost
(25:08 / Allies) CaynJ: blue we need mines too
(25:11 / Allies) DudeLove: You did motherfucker
(25:18 / Allies) DudeLove: Me and orange have a score to settle
(25:26 / Allies) CaynJ: lol
(25:36 / Allies) CaynJ: blue u have 10k gold
(25:50 / All) RatZDeezer: told you I won
(25:54 / Allies) NaminAssNigs: blue is bsing
(26:01 / All) NaminAssNigs: blue and green and bum dart buddies
(26:04 / All) DudeLove: Orange killed a hall of mine and 10+ towers
(26:09 / All) NaminAssNigs: thought u only did it 3 times a wekk
(26:10 / All) NaminAssNigs: lol
(26:12 / All) NaminAssNigs: gg
(26:39 / All) DudeLove: what a coward
(26:48 / Allies) massitems: he had no gold
(26:52 / All) DudeLove: He knew he bit off mroe than his ass could chew
(27:05 / Allies) CaynJ: can we win now? lol that was funny
(27:27 / Allies) CaynJ: could i please get some gold blue?
(27:35 / Allies) CaynJ: i have lumber
(27:36 / Allies) massitems: wtf dude
(27:37 / Allies) massitems: stop
(27:38 / Allies) massitems: you ass
(27:42 / Allies) DudeLove: Fucking make me
(27:51 / Allies) DudeLove: coming for you
(27:58 / Allies) DudeLove: run
(29:49 / All) DudeLove: I remaxed can you pink?
(31:14 / Allies) CaynJ: plz help blue
(31:48 / Allies) CaynJ: blue plz help
(32:33 / Allies) CaynJ: guys this is taking a long time
(32:37 / Allies) CaynJ: 1
(33:07 / Allies) CaynJ: blue plz help
(33:15 / Allies) DudeLove: I have business elsewhere
(33:29 / Allies) CaynJ: just kill green really fast
(33:33 / Allies) CaynJ: he is getting strong
(35:08 / Allies) CaynJ: blue my base is dead now, plz help
(36:05 / Allies) CaynJ: blue plz
(36:15 / Allies) DudeLove: what
(37:16 / All) RatZDeezer: No upgrade for you!
(37:21 / All) CaynJ: lol
(37:22 / All) RatZDeezer: how mad you are bro?
(37:26 / All) RatZDeezer: are you punching the wall
(37:30 / All) massitems: gg
(37:34 / All) CaynJ: lol
(37:36 / All) RatZDeezer: I told you I'd 1v4 you all
(37:38 / All) RatZDeezer: i won this by myself
(37:41 / All) RatZDeezer: you are all so bad to have lost
(37:42 / All) CaynJ: no u didnt
(37:43 / All) RatZDeezer: easy!
(37:46 / All) RatZDeezer: yes I did
(37:50 / All) RatZDeezer: you should study my methods
(37:51 / All) CaynJ: look at replay
(37:53 / All) RatZDeezer: my valour at arms
(38:53 / All) CaynJ: plz dont blue
(38:57 / All) DudeLove: don't what
(39:50 / All) CaynJ: how much gold do u have green?
(39:53 / All) RatZDeezer: 10k
(40:14 / All) RatZDeezer: How about you?
(40:33 / All) RatZDeezer: Did you have fun this game? I sure did
(40:44 / All) DudeLove: I had a blast
(40:46 / All) CaynJ: green plz plz plz look at replay on our team
(40:51 / All) RatZDeezer: I 1v4ed you bro
(40:54 / All) CaynJ: it is hilarious
(41:02 / All) RatZDeezer: I'll watch his side of the replay
(41:08 / All) RatZDeezer: when he uploads his side to http://highper.ch
(41:10 / All) RatZDeezer: and see your chat
(42:04 / All) CaynJ: y do u want to lose blue?
(42:06 / All) DudeLove: ALT QQ, the last refuge of a coward, but not before he whines about his teammates
(42:20 / All) DudeLove: Orange yellow belly extraordinaire
(42:36 / All) DudeLove: Orange needs to lose
(42:39 / All) CaynJ: green you are not good, you did not 4v1 us, blue single handedly killed our whole team
(42:44 / All) DudeLove: I don't care that he's on a 0-0 account
(42:47 / All) DudeLove: He will be 0-1
(42:49 / All) RatZDeezer: I single handedly beat all of you
(42:51 / All) RatZDeezer: how mad you are??????
(42:53 / All) DudeLove: Winless
(42:57 / All) CaynJ: lol no u didnt
(43:12 / All) RatZDeezer: Yes I did
(43:13 / All) RatZDeezer: watch replay
(43:15 / All) RatZDeezer: I have 400 APM
(43:17 / All) RatZDeezer: my aka is Grubby
(43:25 / All) CaynJ: u are not good
(43:38 / All) CaynJ: idc about aka or whoever u use to make urself look good
(43:40 / All) RatZDeezer: I'm certainly not bad enough to be a 102-99 player
(43:50 / All) CaynJ: that rt my dude
(44:07 / All) RatZDeezer: You have an awful RT record
(44:16 / All) CaynJ: over 50%
(44:24 / All) RatZDeezer: that is garbage
(44:27 / All) CaynJ: this has been my act for ten years
(44:31 / All) RatZDeezer: you should be able to get at least 80%
(44:38 / All) CaynJ: i dont make akas to get a high percent
(44:45 / All) RatZDeezer: Neither do I
(44:51 / All) CaynJ: u said u did
(44:53 / All) DudeLove: you've been playing 10 years, has been a reset
(44:57 / All) CaynJ: already gave out 1 aka
(44:58 / All) RatZDeezer: I said my AKA is Grubby
(45:01 / All) RatZDeezer: That is my main identity
(45:09 / All) RatZDeezer: I only use different accounts like this for backstabbing
(45:10 / All) CaynJ: u make akas bc u r garbage
(45:20 / 8) RatZDeezer: doubt he even knows who grubby is
(45:20 / All) DudeLove: My alternate identity is Lord Farsanky, the hero without equal
(45:29 / All) RatZDeezer: He is also known as Turncoat, the King of Trolls
(45:33 / All) DudeLove: Aye
(45:35 / All) CaynJ: i would own both of u
(45:41 / All) RatZDeezer: Sure you would, sport
(45:55 / All) DudeLove: One does not simply "own" the great and glorious Lord Farsanky
(46:13 / All) DudeLove: Almighty Fars as he is known to the terrified denizons of BattleNet
(46:46 / All) CaynJ: u guys are too good
(46:52 / All) CaynJ: too cool for school
(46:52 / All) RatZDeezer: Yes we are
(46:55 / All) DudeLove: Feel free to talk shit when you speak of yourself in teh third person
(46:57 / All) RatZDeezer: We are too good for Battle.net
(46:59 / All) DudeLove: *guffaws
(47:12 / All) CaynJ: yet i will be both
(47:16 / All) DudeLove: You'll never be awesome enough to do that
(47:39 / All) RatZDeezer: We are each one of a kind stabbers. You on the other hand are a generic pissant Battle.net player who cries until he gets a los
(47:58 / All) CaynJ: that doesnt make sense
(48:07 / All) RatZDeezer: Are the words too big for you?
(48:15 / All) CaynJ: i guess so
(49:08 / All) CaynJ: gl in life my lonely bnet nubs
(49:24 / All) RatZDeezer: Maybe one day you too can be a player who isn't barely 50%!
(49:48 / All) CaynJ: im not worried about %, i play for fun, which u obviously dont
(49:59 / All) RatZDeezer: I play for fun and get high records without trying
(50:08 / All) CaynJ: lol nice try
(50:18 / All) RatZDeezer: I don't try.
(50:22 / All) RatZDeezer: I just win
(50:25 / All) CaynJ: i would beat u 9/10
(50:33 / All) RatZDeezer: Sure you would, my 40 APM friend.
(50:39 / All) RatZDeezer: It's what's in your heart that counts.
(50:54 / All) CaynJ: you sound so smart
(51:03 / All) RatZDeezer: Do you know what hero as Ud counters paladin first?
(51:22 / All) CaynJ: i dont care
(51:25 / All) RatZDeezer: Tell me this, oh great one, for I know the answer
(51:38 / All) RatZDeezer: 10 years and you don't even know that naga sea witch counters paladin?
(52:06 / All) CaynJ: i am not a lonely nerd who researchs and cares about specific strategy
(52:18 / All) RatZDeezer: Neither do I, I know all of this from experience
(52:27 / All) CaynJ: do u have a gf? lol
(52:36 / All) DudeLove: I have 3 or 4 of them
(52:42 / All) RatZDeezer: I am married
(52:47 / All) RatZDeezer: Is called arranged marriage
(52:51 / All) RatZDeezer: Popular in first world countries like India
(53:23 / All) DudeLove: Men weren't meant to only have one bitch
(53:29 / All) RatZDeezer: Yeah exactly
(53:35 / All) RatZDeezer: That's why India is great, be married to 20 women
(53:36 / All) DudeLove: that's why when they're great and powerful like I am
(53:39 / All) CaynJ: you guys dont even get girls
(53:41 / All) DudeLove: they sometimes have 800 women
(53:53 / All) RatZDeezer: I am an Arabic Prince. I can get as many women as I like
(54:01 / All) DudeLove: Ramses II, the Great, had 150 children
(54:07 / All) DudeLove: none of them as great as himself though alas
(54:16 / All) CaynJ: can i eat your butthole?
(54:32 / All) CaynJ: i get these cravings
(54:42 / All) DudeLove: the muslims got it right with harems
(54:42 / All) RatZDeezer: When I die, if you like to participate in cannibalism
(54:48 / All) RatZDeezer: yeah
(54:53 / All) RatZDeezer: hindus too
(54:58 / All) DudeLove: and the Mormons
(55:01 / All) CaynJ: Wrong
(55:09 / All) RatZDeezer: Are you a liberal?
(55:24 / All) CaynJ: i dont care about classifications
(56:10 / All) CaynJ: aare yu edumacated?
(56:35 / All) RatZDeezer: not sure if that's intentional misspelling
(56:45 / All) CaynJ: \\im not a goosd typer
(56:50 / All) CaynJ: trying to type fast
(57:00 / All) RatZDeezer: lol
(57:04 / All) CaynJ: not good with grammer
(57:09 / All) RatZDeezer: or spelling apparently
(57:17 / All) CaynJ: fuckin failed grade school
(57:23 / All) CaynJ: tryin for a GED
(57:32 / All) CaynJ: they say its th e shit
(57:39 / All) DudeLove: you made teh fire less spectuclar
(57:41 / All) CaynJ: mcdonalds doesnt cut it
(57:58 / All) DudeLove: do you get a discount?
(57:59 / All) RatZDeezer: Yeah I wasn't paying attention
(58:03 / All) RatZDeezer: was focused on hall queueing
(58:03 / All) DudeLove: Jacob Campbell loved that job
(58:11 / All) CaynJ: if u want to test your will with a real champion, message me sometime
(58:12 / All) DudeLove: he might go to Burger King instead tho
(58:26 / All) DudeLove: I WORK AT BURGER KING MAKING PEOPLE WHOPPERS I WEAR PAPER HATS
(58:31 / All) DudeLove: WOULD YOU LIKE AN APPLE PIE WITH THAT
(58:37 / All) DudeLove: WOULD YOU LIKE AND AN APPLE PIE WITH THAT
(58:51 / All) CaynJ: people LOVE cheese
(59:11 / All) CaynJ: i put the burgers in my butt hairs if u piss me off
(59:31 / All) CaynJ: whats APM?
(59:39 / All) RatZDeezer: Actions per minute
(60:02 / All) CaynJ: i have a slow laptop and my trigger buttons dont work sometimes
(60:12 / All) RatZDeezer: you have trigger buttons on your laptop?
(60:16 / All) RatZDeezer: do you play with a controller?
(60:24 / All) CaynJ: w/e the clicker shit is
(60:31 / All) RatZDeezer: the clicker shit? spacebar?
(60:38 / All) CaynJ: left click, right click
(60:43 / All) DudeLove: 'Tis a mouse sir
(60:50 / All) CaynJ: they get stuck bc its a 6 year old laptop
(61:01 / All) CaynJ: i dont use mouse, just the touch control
(61:03 / All) DudeLove: The illustrious Rod here has a fine one indeed that allows him to make 2000 actions per minute!
(61:14 / All) RatZDeezer: Yeah I have a machine mouse
(61:18 / All) RatZDeezer: 1350 APm world record
(61:21 / All) RatZDeezer: clicks like a machine
(61:29 / All) DudeLove: Hence the name
(61:43 / All) RatZDeezer: It's not called a machine mouse, that's what Jacob called it though
(61:44 / All) CaynJ: u gayboys in a clan?
(61:50 / All) RatZDeezer: Yes, THE Klan
(61:51 / All) DudeLove: Oh I see
(61:53 / All) RatZDeezer: The Ku Klux Klan
(62:00 / All) DudeLove: STAND UP AND BE COUNTED
(62:05 / All) DudeLove: SHOW THE WORLD YOu'RE A MAN
(62:08 / All) CaynJ: im black, thats why i suck at this game
(62:12 / All) RatZDeezer: Yes it is
(62:14 / All) DudeLove: STAND UP AND BE COUNTED AND JOIN THE CAJUN KU KLUX KLAN!
(62:16 / All) RatZDeezer: Niggers have lower average IQs
(62:27 / All) RatZDeezer: AKIAM!
(62:31 / All) CaynJ: my dick is off the charts though
(62:38 / All) CaynJ: i get so many white women
(62:38 / All) RatZDeezer: How big is it?
(62:45 / All) RatZDeezer: Or is it so small it doesn't go on the charts?
(62:46 / All) CaynJ: 13 inches
(62:48 / All) CaynJ: around
(63:05 / All) CaynJ: two mouths thick and a throat deep
(63:09 / All) RatZDeezer: That must be miserable, you'd be killing anyone you fuck and have to be a necrophiliac
(63:17 / All) RatZDeezer: and it would dunk in the toilet even worse than an average dick
(63:23 / All) RatZDeezer: destroy all of your trousers
(63:26 / All) CaynJ: you really like that necrofeliac shit
(63:33 / All) DudeLove: Most whores won't even fuck niggers
(63:42 / All) CaynJ: oh but they do
(63:44 / All) RatZDeezer: Niggers are animals so it's basically beastiality to fuck one
(63:48 / All) DudeLove: Some of them, the more seedy ones
(64:03 / All) CaynJ: my grandpa was best slave in USA
(64:11 / All) RatZDeezer: How much cotton did he pick per hour?
(64:21 / All) DudeLove: 15 bushels per hour
(64:29 / All) CaynJ: his CPH was 50 bushels
(64:48 / All) RatZDeezer: I don't even have any black ancestry. I'm 100% white
(64:49 / All) CaynJ: made the average nigger drop his jaw in awe
(65:36 / All) RatZDeezer: I have Scottish blood probably with some Gallic blood, a minor possibility for some Roman blood, and a fair probability for
(65:37 / All) CaynJ: i have natural muscles too, i can jump on the second fl of buildings
(65:38 / All) RatZDeezer: Nordic blood
(65:46 / All) CaynJ: noone cares
(65:49 / All) RatZDeezer: It must suck to have nigger blood
(66:01 / All) RatZDeezer: Noone cares? Do you like Peter Noone?
(66:06 / All) CaynJ: the AIDS sucks, but everything else is awesome
(66:07 / All) DudeLove: Even Jacob can say, "AT LEAST I'M NOT A NIGGER!"
(66:19 / All) DudeLove: Then again he does dote on them ever so fondly
(66:30 / All) DudeLove: Buying all the jerseys of his favorite nigger bucks
(66:31 / All) RatZDeezer: Jacob is a homosexual basement dwelling 28 year old virgin
(66:37 / All) RatZDeezer: That discounts any possibility of good genetics
(66:41 / All) RatZDeezer: He also very likely has Assburgers
(66:54 / All) DudeLove: He gives fine anime presentations
(67:01 / All) RatZDeezer: Yeah
(67:28 / All) RatZDeezer: http://www.youtube.com/watch?v=PPU45IKVPys for those who haven't seen Jacob's speech
(67:46 / All) CaynJ: ur jacob?
(67:57 / All) RatZDeezer: No, that is a manchild we talk to on MSN
(68:01 / All) RatZDeezer: A beast, the whyle